AoeStats
← GORGORY

Arena

510554415Analyzed
3v3 RM · 13h ago on Oct 1, 2026· 55m 6s· 6 players
Game mode
Random Map
Map size
Normal (6 player)
Population
200
Speed
Normal
Resources
Standard
Victory
Conquest
Starting age
Dark Age
Ending age
Imperial Age
RankedLock teamsTeams togetherTeam positionsShared explorationLock speedFull tech treeHidden civsTurbo modeCheats
Victory
Defeat
🇨🇱 Aztecs · Chile
970
+14
🇹🇷 Portuguese · Türkiye
949
+15
🇦🇷 Bulgarians · Argentina
900
+18
🇺🇸 Romans · United States
953
-16
🇨🇴 Italians · Colombia
931
-16
🇺🇸 Berbers · United States
906
-15
andrspelaez
4:17 Loom
12:24 Feudal Age
13:43 Wheelbarrow
12:57 Double-Bit Axe
13:26 Horse Collar
18:45 Castle Age
18:51 Padded Archer Armor
18:41 Fletching
18:54 Stone Mining
21:32 Hand Cart
21:35 Bow Saw
22:05 Stone Shaft Mining
21:19 Crossbowman
22:14 Thumb Ring
23:25 Arson
25:58 Heavy Plow
26:26 Gold Mining
27:49 Bodkin Arrow
34:10 Imperial Age
32:20 Leather Archer Armor
35:32 Crop Rotation
36:28 Squires
36:14 Arson
36:55 Forging
36:46 Scale Mail Armor
37:17 Ring Archer Armor
36:47 Bracer
36:31 Crossbowman
38:32 Iron Casting
39:10 Conscription
38:11 Elite Genoese Crossbowman
40:51 Chain Mail Armor
40:07 Arbalester
42:29 Blast Furnace
44:32 Chemistry
43:52 Ballistics
monarch8
3:38 Loom
12:16 Feudal Age
13:29 Stone Mining
13:26 Double-Bit Axe
14:33 Loom
17:55 Castle Age
17:16 Wheelbarrow
20:40 Horse Collar
25:55 Gold Mining
27:37 Heavy Plow
30:24 Gold Shaft Mining
35:05 Imperial Age
33:33 Hand Cart
33:04 Town Watch
35:04 Ballistas
35:39 Bow Saw
35:20 Capped Ram
36:46 Ballistics
36:36 Fortified Wall
36:57 Town Patrol
37:35 Siege Ram
39:13 Onager
40:33 Heavy Scorpion
42:22 Siege Engineers
43:18 Chemistry
TheBulAb69
0:29 Loom
13:50 Feudal Age
15:25 Horse Collar
15:31 Double-Bit Axe
17:24 Forging
17:19 Scale Barding Armor
20:58 Castle Age
19:32 Gold Mining
19:32 Stone Mining
20:00 Bloodlines
20:04 Fletching
23:46 Bodkin Arrow
25:40 Heavy Plow
29:33 Imperial Age
27:36 Ballistics
27:31 Masonry
28:06 Bow Saw
29:02 Wheelbarrow
29:17 Gold Shaft Mining
29:17 Stone Shaft Mining
30:52 Hand Cart
31:50 Chemistry
31:38 Forging
31:34 Scale Barding Armor
31:23 Heavy Camel Rider
32:07 Bracer
32:23 Forging
32:18 Scale Barding Armor
34:01 Stone Shaft Mining
33:03 Cavalier
34:24 Iron Casting
34:19 Conscription
34:14 Murder Holes
37:29 Chain Barding Armor
39:03 Blast Furnace
44:51 Plate Barding Armor
45:35 Husbandry
49:27 Conscription
GORGORY
5:53 Loom
8:51 Feudal Age
9:18 Double-Bit Axe
9:15 Horse Collar
13:25 Wheelbarrow
17:19 Castle Age
15:49 Stone Mining
16:19 Gold Mining
19:10 Squires
19:11 Padded Archer Armor
19:15 Scale Mail Armor
20:44 Forging
22:31 Fervor
24:49 Heavy Plow
25:24 Town Watch
25:47 Gambesons
25:48 Arson
26:56 Chain Mail Armor
27:56 Iron Casting
28:54 Pikeman
30:30 Bow Saw
31:13 Hand Cart
31:36 Ballistics
36:27 Imperial Age
33:58 Town Patrol
35:57 Bloodlines
35:48 Husbandry
36:01 Scale Barding Armor
36:39 Stirrups
37:33 Conscription
37:16 Bagains
36:38 Halberdier
36:42 Capped Ram
38:28 Plate Mail Armor
38:58 Blast Furnace
38:40 Gold Shaft Mining
38:42 Stone Shaft Mining
37:38 Siege Ram
38:56 Crop Rotation
39:54 Chain Barding Armor
41:46 Plate Barding Armor
43:08 Elite Konnik
46:51 Light Cavalry
48:36 Hussar
batuhan
10:49 Feudal Age
12:03 Loom
14:27 Castle Age
12:44 Stone Mining
14:34 Double-Bit Axe
30:53 Imperial Age
28:57 Gold Mining
33:21 Horse Collar
37:51 Chemistry
40:46 Wheelbarrow
40:23 Bow Saw
40:14 Heavy Plow
40:51 Arquebus
41:38 Stone Shaft Mining
42:09 Town Watch
43:26 Two-Man Saw
42:38 Elite Organ Gun
45:25 Masonry
44:56 Treadmill Crane
45:11 Murder Holes
45:22 Siege Engineers
46:46 Hand Cart
49:14 Town Patrol
50:33 Architecture
50:33 Ballistics
53:25 Fortified Wall
Bopp77
10:51 Feudal Age
12:42 Loom
16:05 Castle Age
14:46 Double-Bit Axe
16:06 Horse Collar
16:20 Stone Mining
16:49 Loom
30:53 Imperial Age
29:19 Heavy Plow
29:44 Murder Holes
30:18 Gold Mining
30:40 Bow Saw
32:00 Gold Shaft Mining
31:55 Ballistics
32:18 Town Watch
34:06 Chemistry
33:49 Wheelbarrow
34:02 Town Patrol
37:02 Elite Skirmisher
37:32 Gambesons
37:24 Capped Ram
39:02 Hand Cart
39:52 Crop Rotation
42:22 Onager
43:52 Onager
44:15 Eagle Warrior
44:41 Arson
44:59 Squires
46:25 Siege Onager
48:03 Siege Onager
48:18 Elite Jaguar Warrior
50:42 Elite Eagle Warrior
53:54 Stone Shaft Mining
Connection lost

Rejoining the realm…

Still unreachable

The connection could not be restored.

Session expired

The server has moved on; the page needs a fresh start.